 Dungeon Crawl Stone Soup version 0.32-a0-696-g5fa0bccb63 (webtiles) character file.

Game seed: 9994822120677029169

1061951 Essalna the Petrodigitator (level 27, -9/179 HPs)
             Began as a Gargoyle Earth Elementalist on Mar 12, 2024.
             Was the Champion of Vehumet.
             Killed by divine providence
             ... invoked by a daeva
              (13 damage)
             ... on level 22 of a ziggurat on Mar 13, 2024.
             The game lasted 03:45:41 (87785 turns).

Essalna the Petrodigitator (GrEE)                  Turns: 87785, Time: 03:45:42

Health: -9/179     AC: 49    Str: 23    XL:     27
Magic:  69/69      EV: 15    Int: 35    God:    Vehumet [******]
Gold:   10805      SH: 21    Dex: 14    Spells: 17/74 levels left

rFire   + + +        c - +3 Elemental Staff {ele, rElec rF+ rC+ AC+3}
rCold   + + +        h - +5 kite shield of Death Resistance {rF+ MP+9 Slay+2}
rNeg    + + .        W - +7 chain mail of Haobbi Hiuh {rC+ MP+9}
rPois   ∞            P - -2 helmet "Ycwuegon" {rF++ rC+ Regen+ Int+2}
rElec   +            j - scarf {rC+ rF+}
rCorr   .            m - +0 pair of gloves {Str+3}
SInv    .            J - +2 pair of slick slippers {slick, slippery, EV+4}
Will    ++...        X - amulet of Esenwu {rF+ Regen+ RegenMP+ Slay+3} Stlth
                     g - ring "Plog" {+Blink Fly Str+5}
HPRegen 2.89/turn    q - ring "Awaowa" {rN+ Int+6 Dex+4}
MPRegen 0.81/turn

%: random rage (3%)
@: in a vortex, on berserk cooldown, flying, slowed, glowing, studying 8 skills,
very slow
A: sickness immunity, AC +20, big wings, negative energy resistance 1,
electricity resistance, torment resistance 1, petrification resistance,
iridescent scales 1, berserk 1, deformed body, frail 1, regeneration 1,
inability to drink after injury 1, persistent drain
}: 8/15 runes: serpentine, barnacled, slimy, silver, iron, obsidian, icy, bone
a: Renounce Religion, Evoke Blink


You were on level 22 of a ziggurat.
You worshipped Vehumet.
Vehumet was exalted by your worship.
You visited 16 branches of the dungeon, and saw 83 of its levels.
You visited 1 ziggurat, and saw 22 of its levels.
You also visited: Trove, Sewer and Gauntlet.

You collected 12341 gold pieces.
You spent 1536 gold pieces at shops.

Inventory:

Hand Weapons
 c - the +3 Elemental Staff (weapon) {ele, rElec rF+ rC+ AC+3}
   (You acquired it on level 1 of the Dungeon)

   AC+3:      It affects your AC (+3).
   rF+:       It protects you from fire.
   rC+:       It protects you from cold.
   rElec:     It insulates you from electricity.
Armour
 b - the orb of the Morning Star {*channel, Str+4}
   (You took it off Frederick on level 3 of the Crypt)

   Str+4:     It affects your strength (+4).
 h - the +5 kite shield of Death Resistance (worn) {rF+ MP+9 Slay+2}
   (You found it in a treasure trove)

   Slay+2:    It affects your accuracy & damage with ranged weapons and melee
   (+2).
   rF+:       It protects you from fire.
   MP+9:      It affects your magic capacity (+9).
 j - a scarf of resistance (worn)
 m - a +0 pair of gloves of strength (worn)
 E - a +0 cloak of preservation
 J - the +2 pair of slick slippers (worn) {slick, slippery, EV+4}
   (You found it in a treasure trove)

   Slick:     Its wearer cannot be constricted, engulfed, netted, webbed, or
   stopped by binding sigils.
   Slippery:  Its wearer slips away from damaging melee attacks, pulling the
   attacker onward.
   EV+4:      It affects your evasion (+4).
 P - the -2 helmet "Ycwuegon" (worn) {rF++ rC+ Regen+ Int+2}
   (You found it in a treasure trove)

   Int+2:     It affects your intelligence (+2).
   rF++:      It greatly protects you from fire.
   rC+:       It protects you from cold.
   Regen+:    It increases your rate of health regeneration.
 T - a +0 kite shield of reflection
 W - the +7 chain mail of Haobbi Hiuh (worn) {rC+ MP+9}
   (You took it off a vault guard on level 5 of the Vaults)

   rC+:       It protects you from cold.
   MP+9:      It affects your magic capacity (+9).
Jewellery
 g - the ring "Plog" (left hand) {+Blink Fly Str+5}
   (You found it on level 7 of the Iron City of Dis)

   [ring of flight]

   Str+5:     It affects your strength (+5).
   Fly:       It grants you flight.
   +Blink:    It lets you blink.
 k - the amulet of Qifadwua {Reflect rElec Regen+ Int+3 SH+5}
   (You found it on level 5 of the Pits of Slime)

   [amulet of reflection]

   Reflect:   It reflects blocked missile attacks.
   Int+3:     It affects your intelligence (+3).
   rElec:     It insulates you from electricity.
   Regen+:    It increases your rate of health regeneration.
   SH+5:      It affects your SH (+5).
 q - the ring "Awaowa" (right hand) {rN+ Int+6 Dex+4}
   (You took it off a minotaur in a Gauntlet)

   [ring of intelligence]

   Int+6:     It affects your intelligence (+6).
   Dex+4:     It affects your dexterity (+4).
   rN+:       It protects you from negative energy.
 r - a ring of protection from fire
 v - the ring "Earthly Heaven" {+Blink rF- rC+ Int+6}
   (You found it on level 5 of the Pits of Slime)

   [ring of intelligence]

   Int+6:     It affects your intelligence (+6).
   rF-:       It makes you vulnerable to fire.
   rC+:       It protects you from cold.
   +Blink:    It lets you blink.
 y - the ring of the Present {rC+ MP+9}
   (You found it on level 19 of a ziggurat)

   [ring of magical power]

   rC+:       It protects you from cold.
   MP+9:      It affects your magic capacity (+9).
 A - a ring of see invisible
 I - a +4 ring of protection
 N - a ring of positive energy
 X - the amulet of Esenwu (around neck) {rF+ Regen+ RegenMP+ Slay+3}
   (You took it off an ironbound convoker on level 5 of the Vaults)

   [amulet of magic regeneration]

   It increases your rate of magic regeneration.
   Slay+3:    It affects your accuracy & damage with ranged weapons and melee
   (+3).
   rF+:       It protects you from fire.
   Regen+:    It increases your rate of health regeneration.
   RegenMP+:  It increases your rate of magic regeneration.
 Y - the ring "Tiroutit" {rF+ Int+6 Slay+3}
   (You found it on level 14 of a ziggurat)

   [ring of intelligence]

   Int+6:     It affects your intelligence (+6).
   Slay+3:    It affects your accuracy & damage with ranged weapons and melee
   (+3).
   rF+:       It protects you from fire.
Wands
 L - a wand of iceblast (94)
 Q - a wand of digging (51)
Scrolls
 e - 15 scrolls of poison
 n - 16 scrolls of enchant weapon
 o - 2 scrolls of summoning
 p - 4 scrolls of silence
 B - 11 scrolls of blinking
 C - 11 scrolls of amnesia
 D - 17 scrolls of fog
 G - 34 scrolls of teleportation
 H - 9 scrolls of revelation
 K - 5 scrolls of fear
 O - 10 scrolls of enchant armour
 R - 9 scrolls of immolation
 U - 5 scrolls of brand weapon
 Z - 2 scrolls of torment
Potions
 a - 5 potions of invisibility
 d - 4 potions of berserk rage
 f - 10 potions of brilliance
 i - 9 potions of enlightenment
 l - 2 potions of haste
 s - 4 potions of might
 t - 7 potions of cancellation
 u - 5 potions of resistance
 w - a potion of ambrosia
 x - a potion of experience
 z - 22 potions of curing
 F - 18 potions of mutation
 M - 5 potions of heal wounds
 S - 2 potions of magic
 V - a potion of lignification


   Skills:
 O Level 27 Fighting
 - Level 23.3 Armour
 - Level 6.0 Dodging
 - Level 2.1 Stealth
 - Level 23.0 Shields
 - Level 24.0 Spellcasting
 + Level 22.9 Conjurations
 + Level 18.7 Summonings
 O Level 27 Ice Magic
 - Level 4.9 Air Magic
 O Level 27 Earth Magic
 + Level 17.5 Evocations


You had 17 spell levels left.
You knew the following spells:

 Your Spells              Type           Power      Damage    Failure   Level
a - Sandblast             Erth           100%       2d20      0%          1
b - Stone Arrow           Conj/Erth      100%       3d13      0%          3
c - Freezing Cloud        Conj/Ice/Air   77%        6-21      1%          5
d - Permafrost Eruption   Ice/Erth       87%        2x4d23    0%          6
e - Blink                 Tloc           84%        N/A       2%          2
f - Ozocubu's Refrigerat  Ice            74%        4d24      0%          7
g - Lehudib's Crystal Sp  Conj/Erth      72%        10d16     1%          8
h - Shatter               Erth           74%        3d54*     1%          9
i - Polar Vortex          Ice            74%        12d9*     1%          9
j - Spellforged Servitor  Conj/Summ      56%        N/A       1%          7

Your spell library contained the following spells:

 Spells                   Type           Power      Damage    Failure   Level
 Freeze                   Ice            100%       1d10      0%          1
 Kiss of Death            Conj/Necr      100%       2d13      0%          1
 Sting                    Conj/Alch      100%       1d9       0%          1
 Summon Small Mammal      Summ           100%       N/A       0%          1
 Call Imp                 Summ           100%       N/A       0%          2
 Ensorcelled Hibernation  Hex/Ice        100%       N/A       0%          2
 Momentum Strike          Conj/Tloc      100%       3d10      0%          2
 Call Canine Familiar     Summ           100%       N/A       0%          3
 Frozen Ramparts          Ice            100%       1d16      0%          3
 Hailstorm                Conj/Ice       100%       3d16      0%          3
 Ozocubu's Armour         Ice            100%       N/A       0%          3
 Passwall                 Erth           100%       N/A       0%          3
 Summon Ice Beast         Ice/Summ       100%       N/A       0%          3
 Animate Armour           Summ/Erth      100%       N/A       0%          4
 Brom's Barrelling Bould  Conj/Erth      100%       2d11      0%          4
 Lee's Rapid Deconstruct  Erth           74%        3d33*     0%          5
 Bombard                  Conj/Erth      72%        9d12      0%          6
 Necrotise                Necr           100%       1d9       1%          1
 Slow                     Hex            100%       N/A       1%          1
 Mercury Vapours          Alch/Air       100%       N/A       1%          2
 Dazzling Flash           Conj/Hex       100%       N/A       1%          3
 Inner Flame              Hex/Fire       58%        N/A       1%          3
 Mephitic Cloud           Conj/Alch/Air  100%       N/A       1%          3
 Swiftness                Air            85%        N/A       1%          3
 Volatile Blastmotes      Fire/Tloc      100%       2d18      1%          3
 Flame Wave               Conj/Fire      100%       2d21      1%          4
 Fulminant Prism          Conj/Alch      44%        3d19      1%          4
 Iskenderun's Mystic Bla  Conj/Tloc      89%        2d17      1%          4
 Leda's Liquefaction      Alch/Erth      58%        N/A       1%          4
 Martyr's Knell           Necr/Summ      82%        N/A       1%          4
 Petrify                  Alch/Erth      100%       N/A       1%          4
 Summon Blazeheart Golem  Fire/Summ      100%       N/A       1%          4
 Arcjolt                  Conj/Air       59%        1d69      1%          5
 Borgnjor's Vile Clutch   Necr/Erth      58%        N/A       1%          5
 Fireball                 Conj/Fire      55%        3d21      1%          5
 Irradiate                Conj/Alch      44%        3d26      1%          5
 Metabolic Englaciation   Hex/Ice        58%        N/A       1%          5
 Summon Forest            Summ/Tloc      41%        N/A       1%          5
 Summon Mana Viper        Hex/Summ       82%        N/A       1%          5
 Sculpt Simulacrum        Ice/Alch       58%        N/A       1%          6
 Starburst                Conj/Fire      55%        6d15      1%          6
 Summon Cactus Giant      Summ           53%        N/A       1%          6
 Monstrous Menagerie      Summ           53%        N/A       1%          7
 Orb of Destruction       Conj           58%        9d14      1%          7
 Jinxbite                 Hex            84%        N/A       2%          2
 Lesser Beckoning         Tloc           84%        N/A       2%          2
 Confusing Touch          Hex            42%        N/A       4%          3
 Fugue of the Fallen      Necr           42%        N/A       4%          3
 Gell's Gravitas          Tloc           42%        N/A       4%          3
 Sigil of Binding         Hex            42%        N/A       4%          3
 Teleport Other           Tloc           42%        N/A       4%          3
 Tukima's Dance           Hex            42%        N/A       4%          3
 Vampiric Draining        Necr           42%        2d9       4%          3
 Ignite Poison            Fire/Alch      58%        N/A       4%          4
 Olgreb's Toxic Radiance  Alch           42%        N/A       4%          4
 Sticky Flame             Fire/Alch      58%        2d10      4%          4
 Vhi's Electric Charge    Tloc/Air       100%       N/A       6%          4
 Yara's Violent Unravell  Hex/Alch       21%        3d10      13%         5
 Anguish                  Hex/Necr       21%        N/A       17%         4
 Animate Dead             Necr           42%        N/A       17%         4
 Cause Fear               Hex            21%        N/A       17%         4
 Dimensional Bullseye     Hex/Tloc       21%        N/A       17%         4
 Dispel Undead            Necr           42%        3d17      17%         4
 Manifold Assault         Tloc           42%        N/A       17%         4
 Passage of Golubria      Tloc           42%        N/A       17%         4
 Silence                  Hex/Air        36%        N/A       17%         5
 Plasma Beam              Fire/Air       46%        2x1d61    24%         6
 Haunt                    Necr/Summ      41%        N/A       30%         7
 Malign Gateway           Summ/Tloc      41%        N/A       30%         7
 Alistair's Intoxication  Alch           28%        N/A       43%         5
 Curse of Agony           Necr           42%        N/A       43%         5
 Eringya's Noxious Bog    Alch           21%        4d6       52%         6
 Death Channel            Necr           21%        N/A       95%         6
 Maxwell's Capacitive Co  Air            42%        ∞         97%         8
 Fire Storm               Conj/Fire      55%        8d14      97%         9
 Enfeeble                 Hex            21%        N/A       100%        7
 Borgnjor's Revivificati  Necr           21%        N/A       100%        8
 Ignition                 Fire           29%        3d9       100%        8
 Death's Door             Necr           21%        N/A       100%        9


Dungeon Overview and Level Annotations

Branches:
Dungeon (15/15)            Temple (0/1) D:6            Lair (5/5) D:9
 Shoals (4/4) Lair:3        Snake (4/4) Lair:2        Slime (5/5) Lair:5
    Orc (2/2) D:12            Elf (3/3) Orc:2        Vaults (5/5) D:13
  Crypt (3/3) Vaults:2       Tomb (0/3) Crypt:3      Depths (4/4) D:15
   Hell (visited)             Dis (7/7) Hell            Geh (7/7) Hell
    Coc (7/7) Hell            Tar (7/7) Hell            Zot (5/5) Depths:4
  Sewer (visited)         Gauntlet (visited)

Altars:
Ashenzari
Elyvilon
Fedhas
Kikubaaqudgha
Makhleb
Nemelex Xobeh
Okawaru
Qazlal
Ru
Sif Muna
Trog
Uskayaw
Vehumet
Wu Jian
Xom
Yredelemnul
Zin
The Shining One
Beogh
Jiyva
Lugonu

Shops:
D:1 (   D:15 *   Orc:1 =   Orc:2 ?!(=   Elf:3 ?!(   Shoals:1 *:   Vaults:1 !
Vaults:4 =   Vaults:5 [[   Depths:1 [[=:

Portals:
Hell: Depths:1 Depths:2 Depths:3 Depths:4
Abyss: Lair:5 Depths:1 Depths:3
Pandemonium: Orc:2 Depths:2 Depths:4

Annotations:
Lair:1 2 transporters, koorschki's ghost, novice DsAE


Innate Abilities, Weirdness & Mutations

You are immune to sickness and miasma.
Your stone body is resilient. (AC +20)
You are immune to poison.
Your large and strong wings let you fly.
You resist negative energy. (rN+)
You are resistant to electric shocks. (rElec)
You are resistant to unholy torment.
You are immune to petrification.
You are partially covered in iridescent scales. (AC +2)
You sometimes lose your temper in combat.
Armour fits poorly on your strangely shaped body.
You are frail. (-10% HP)
Your natural rate of healing is unusually fast.
You occasionally lose the ability to drink potions when taking damage.
Your health recovers twice as slowly from being drained.


Message History

The daeva calls down the wrath of the Shining One upon you.
The Shining One smites you!
* * * LOW HITPOINT WARNING * * *
The cherub sings a powerful hymn!
The cherub goes into a battle-frenzy!
The ophan harnesses the cleansing power of fire!
The bolt of fire hits you. You resist.
* * * LOW HITPOINT WARNING * * *
The cherub shoots a sling bullet.
You block the sling bullet. The pearl dragon completely misses you.
You block the pearl dragon's attack. You block the angel's attack.
The angel closely misses you.
Casting: Polar Vortex (dangerous; 1% risk of failure)
Confirm with . or Enter, or press ? or * to list all spells.
Okay, then.
You feel much better.
You kill the pearl dragon!
Vehumet accepts your kill.
You feel your power returning.
You kill the angel!
Vehumet accepts your kill.
You kill the ophan!
Vehumet accepts your kill.
You kill the apis!
Vehumet accepts your kill.
The ophan no longer looks unusually strong.
The cherub no longer looks unusually strong. x2
The daeva calls down the wrath of the Shining One upon you.
The Shining One smites you!
* * * LOW HITPOINT WARNING * * *
The cherub sings praise to the Shining One, in four-part harmony.
The cherub unwields a +4 falchion of flaming.
It stops flaming.
The cherub wields a +0 shortbow.
The cherub shoots an arrow.
You block the arrow.
The cherub shoots an arrow.
You block the arrow.
The cherub shoots a sling bullet.
You block the sling bullet.
The pearl dragon breathes cleansing flame at you.
The blast of cleansing flame engulfs you!!
* * * LOW HITPOINT WARNING * * *
The daeva calls down the wrath of the Shining One upon you.
The Shining One smites you!
You die...

)AYA...§§.))..▓▓
.†....†.§......▓▓
.†.†AY.A§.......▓▓
.†...AAY.A.....∩.▓
....AA§§§§§§.§§.▓▓
....A.§§G§§§§§§▓▓
......§§§§§§§§▓▓
......§A§§§§§▓▓
.....§§A§@§▓▓
.....§D§§§▓▓
...§G§§▓▓ ...§§§▓
▓▓▓▓▓▓


You could see 2 apis, 6 daevas, a pearl dragon (catching breath), 2 ophanim and
4 cherubim.

Vanquished Creatures
  Asmodeus (Geh:7)
  Antaeus (Coc:7)
  the Royal Jelly (Slime:5)
  Ereshkigal (Tar:7)
  the Serpent of Hell (Tar:7)
  Frederick (Crypt:3)
  Dispater (Dis:7)
  5 orbs of fire
  Khufu (Crypt:3)
  10 dread liches
  25 ancient liches
  Sojobo (Crypt:3)
  6 royal mummies
  Vv (Zot:1)
  14 Killer Klowns
  Saint Roka (Depths:1)
  Vashnia (Snake:4)
  9 pandemonium lords
  22 shard shrikes
  14 caustic shrikes
  2 curse toes
  Geryon (Hell)
  Norris (Elf:2)
  14 golden dragons
  Jory (Vaults:5)
  Nikola (Snake:1)
  13 profane servitors
  7 pearl dragons (Zig:22)
  9 iron giants
  30 bone dragons
  25 doom hounds
  2 electric golems (Zot:5)
  19 Tzitzimimeh
  17 Brimstone Fiends
  Jorgrun (D:14)
  24 Ice Fiends
  A spectral shard shrike (Tar:4)
  13 hellephants
  Mlioglotl (Shoals:3)
  18 tentacled monstrosities
  A shard shrike skeleton (Crypt:1)
  Grunn (Depths:4)
  25 Orb Guardians (Zot:5)
  19 tainted leviathans
  25 Hell Sentinels
  18 titans
  2 deep elf blademasters (Elf:3)
  2 deep elf master archers (Elf:3)
  A quicksilver dragon (shapeshifter) (Zig:21)
  2 krakens
  7 liches
  37 searing wretches
  A walking divine tome (Depths:2)
  7 quicksilver dragons
  Asterion (Vaults:1)
  20 acid blobs
  9 death cobs
  12 sphinxes
  A thorn hunter (Zig:17)
  23 ancient champions
  6 Executioners (Dis:5)
  9 storm dragons
  Aizul (Shoals:1)
  Agnes (D:15)
  10 tengu reavers
  Donald (Shoals:1)
  Roxanne (Snake:4)
  Kirke (Snake:1)
  Ilsuiw (Shoals:2)
  14 quicksilver elementals
  11 shadow dragons
  7 protean progenitors
  2 fenstrider witches
  4 draconian monks
  6 nagarajas
  9 revenants
  A fenstrider witch (shapeshifter) (Zig:2)
  14 rockslimes
  6 draconian shifters
  2 daevas (Zig:22)
  13 azure jellies
  20 narguns
  A fire giant (shapeshifter) (Zig:21)
  8 frost giants
  20 vault wardens
  5 draconian scorchers
  15 fire giants
  12 iron dragons
  9 angels (Zig:22)
  2 emperor scorpions (Zig:19)
  6 draconian knights
  A caustic shrike zombie (Crypt:1)
  26 balrugs
  3 cacodemons
  2 spectral juggernauts
  7 draconian annihilators
  7 shard shrike simulacra
  3 draconian stormcallers
  3 deep elf sorcerers
  3 deep elf elementalists (Elf:3)
  A spectral caustic shrike (Tar:4)
  A juggernaut zombie (Crypt:2)
  8 curse skulls
  9 ghost moths
  A caustic shrike skeleton (Crypt:3)
  Louise (Snake:1)
  2 spriggan defenders (Depths:2)
  4 broodmothers
  2 juggernaut skeletons
  5 ghouls
  An orc warlord (Vaults:2)
  8 ironbound thunderhulks
  21 ironbound preservers
  21 reapers
  3 ophanim (Zig:22)
  A stone giant (shapeshifter) (Zig:21)
  37 very ugly things
  2 formless jellyfish (Slime:4)
  14 stone giants
  9 apis (Zig:22)
  Nessos (D:14)
  A formless jellyfish (shapeshifter) (Zig:21)
  11 vampire knights
  8 quicksilver oozes
  22 elemental wellsprings
  10 green draconians
  2 bennus (Zig:11)
  9 black draconians
  6 deep elf annihilators
  11 white draconians
  14 putrid mouths
  42 war gargoyles
  12 deep elf death magi
  4 eleionomae
  9 red draconians
  5 deep elf demonologists
  10 purple draconians
  A dire elephant (shapeshifter) (Zig:21)
  3 halazid warlocks (Tar:1)
  5 bunyips
  11 yellow draconians
  5 spark wasps
  2 spectral titans
  2 minotaurs
  5 dire elephants
  17 wendigos
  27 eidola
  A blizzard demon (Zig:3)
  29 iron golems
  8 mummy priests
  A quicksilver dragon zombie (Crypt:2)
  7 fire dragons
  7 ettins
  3 green deaths
  10 merfolk javelineers
  10 crystal guardians
  A spectral iron giant (Tar:4)
  22 jiangshi
  17 yaktaur captains
  11 merfolk impalers
  12 entropy weavers
  5 spectral spriggans
  A spectral quicksilver dragon (Tar:4)
  7 salamander tyrants
  4 rakshasas
  10 great orbs of eyes
  3 spriggan zombies
  8 deep elf high priests
  3 shambling mangroves
  3 jorogumos (Zig:19)
  16 hydras
  A hydra (shapeshifter) (Zig:21)
  2 spectral tengu
  31 vault guards
  8 ice dragons
  6 spriggan air magi
  7 hell beasts
  3 ironbound frosthearts
  14 caustic shrike simulacra
  5 juggernaut simulacra
  A spectral shadow dragon (Tar:1)
  6 alligators
  2 demonspawn (Orc:2)
  9 ogre magi
  An alligator snapping turtle (shapeshifter) (Zig:21)
  10 stokers
  An alligator snapping turtle (Shoals:3)
  3 ghost crabs (Zig:17)
  A catoblepas (Lair:2)
  3 radroaches
  3 death knights
  5 merfolk aquamancers
  42 dancing weapons
  16 anacondas
  A death scarab (Zig:11)
  6 death yaks
  3 merfolk avatars
  2 spriggan skeletons
  11 two-headed ogres
  7 centaur warriors
  2 deep troll shamans
  3 satyrs
  7 boulder beetles
  14 vampire magi
  29 naga sharpshooters
  9 orc high priests
  A spectral dire elephant (Tar:4)
  8 tengu warriors
  7 demonic crawlers
  A two-headed ogre (shapeshifter) (Zig:21)
  42 hell hogs
  An occultist (Vaults:4)
  10 naga warriors
  2 titan zombies
  7 deep troll earth magi
  8 spriggan berserkers
  10 shock serpents
  4 thrashing horrors (Lair:5)
  12 hell knights
  A spectral storm dragon (Tar:1)
  3 spectral nagas
  Sonja (Lair:1)
  A titan skeleton (Hell)
  12 deep elf knights
  A spectral emperor scorpion (Tar:1)
  A skyshark (shapeshifter) (Zig:2)
  12 soul eaters
  21 skeletal warriors
  4 fire crabs
  4 sixfirhies
  8 salamander mystics
  20 shadow wraiths
  5 pharaoh ants (Zig:19)
  11 crystal echidnas
  11 glowing orange brains
  A golden dragon zombie (Zig:11)
  4 iron trolls (Depths:2)
  6 sun demons
  7 skysharks
  2 spectral anacondas
  8 naga ritualists
  4 goliath frogs
  3 mana vipers (shapeshifter) (Vaults:5)
  A swamp dragon (shapeshifter) (Zig:2)
  4 swamp dragons
  12 arcanists
  57 deep trolls
  6 flayed ghosts
  8 quicksilver dragon simulacra
  An obsidian statue (Zot:5)
  5 spriggan druids
  10 sea snakes
  6 bog bodies
  A glowing orange brain (shapeshifter) (Zig:4)
  13 mana vipers
  A death drake (Zig:17)
  5 sun moths
  3 deep elf archers
  2 fenstrider witch simulacra
  3 orb spiders
  18 ironbound convokers
  29 deep elf pyromancers
  2 spriggan simulacra
  16 lindwurms
  5 thermic dynamos
  10 orc knights
  3 large abominations
  25 harpies
  2 steelbarb worms (Zig:19)
  16 phantasmal warriors
  21 deep elf zephyrmancers
  2 golden dragon skeletons
  14 necromancers
  46 ugly things
  2 spectral ettins
  An alligator zombie (Crypt:1)
  5 wolf spiders
  6 orc sorcerers (Orc:2)
  A shining eye (shapeshifter) (Zig:4)
  9 will-o-the-wisps
  21 salamanders
  A shadow dragon skeleton (Zig:12)
  10 cyclopes
  6 shining eyes
  14 elephants
  15 manticores
  10 fauns (Shoals:3)
  3 meliai (Shoals:3)
  3 worldbinders (Vaults:4)
  2 spectral alligator snapping turtles
  A meliai (shapeshifter) (D:15)
  4 spectral centaurs
  26 moths of wrath
  An alligator skeleton (Crypt:1)
  6 guardian serpents
  2 rust devils (Hell)
  A stone giant skeleton (Hell)
  2 ice statues
  3 apocalypse crabs
  25 vault sentinels
  50 black mambas
  3 eyes of devastation
  12 merfolk sirens
  2 molten gargoyles (Vaults:4)
  A water nymph (shapeshifter) (Zig:21)
  2 centaur zombies (Crypt:2)
  2 orange demons
  2 smoke demons (Lair:5)
  7 water nymphs
  6 titan simulacra
  A black mamba (shapeshifter) (D:15)
  13 naga magi
  A torpor snail (shapeshifter) (Zig:21)
  A storm dragon simulacrum (Hell)
  12 torpor snails
  24 hellions
  A centaur skeleton (Hell)
  5 gargoyles
  2 yaktaur zombies
  14 komodo dragons
  An unseen horror (D:11)
  20 cane toads
  5 bunyip simulacra
  6 rime drakes
  An ice devil (Hell)
  26 guardian mummies
  A komodo dragon (shapeshifter) (Zig:21)
  42 yaktaurs
  2 spark wasp simulacra (Depths:3)
  28 tormentors
  9 freezing wraiths
  A death yak skeleton (Crypt:1)
  2 red devils
  A purple draconian skeleton (Crypt:2)
  2 efreet
  A golden dragon simulacrum (Coc:5)
  An iron troll skeleton (Crypt:1)
  A queen bee (shapeshifter) (Elf:1)
  45 merfolk
  2 bloated husks
  6 anaconda simulacra
  5 tengu conjurers
  2 iron giant simulacra
  A yaktaur skeleton (Vaults:2)
  6 spectral harpies
  A great orb of eyes zombie (Crypt:2)
  4 polar bears
  3 silent spectres
  4 trolls
  An unseen horror skeleton (Crypt:1)
  A merfolk (shapeshifter) (Zig:21)
  A wind drake (shapeshifter) (Zig:4)
  A harpy zombie (Hell)
  A hornet (shapeshifter) (D:13)
  12 hornets
  A tengu simulacrum (Coc:1)
  3 glass eyes
  A tarantella (Zig:19)
  8 wind drakes
  3 harpy skeletons
  A shadow dragon simulacrum (Depths:3)
  A snapping turtle (shapeshifter) (Vaults:5)
  25 blink frogs
  2 ettin zombies
  3 tyrant leeches
  A dream sheep (shapeshifter) (D:13)
  10 dream sheep
  A raiju (Lair:5)
  A boulder beetle zombie (Crypt:1)
  13 snapping turtles
  A centaur simulacrum (Hell)
  Sigmund (D:5)
  119 slime creatures
  5 jumping spiders
  3 stone giant simulacra
  A jumping spider (shapeshifter) (Zig:10)
  2 air elementals (Elf:2)
  An ettin skeleton (Vaults:1)
  8 spriggans
  A culicivora (Zig:19)
  13 wraiths
  6 dire elephant simulacra
  5 shadows
  A yak (shapeshifter) (D:15)
  6 wyverns
  19 small abominations
  4 ushabtiu
  A golden eye (shapeshifter) (Zig:21)
  41 yaks
  A ynoxinul (Lair:5)
  11 golden eyes
  2 hogs (Snake:1)
  3 wargs
  12 basilisks
  2 fire elementals
  A steam dragon (D:9)
  17 water elementals
  4 chaos spawn (Lair:5)
  A naga zombie (Crypt:1)
  3 vampire mosquitoes
  A fire bat zombie (Crypt:2)
  4 redbacks
  17 harpy simulacra
  37 nagas
  An entropy weaver zombie (Vaults:1)
  5 hydra simulacra
  16 water moccasins
  A hell hound (Zig:18)
  2 glowing shapeshifter skeletons
  4 sky beasts
  32 orc warriors
  An ice dragon simulacrum (Coc:1)
  46 laughing skulls
  4 ice beasts
  10 ettin simulacra
  3 boggarts (Vaults:4)
  8 ogres
  25 wolves
  18 centaurs
  A blink frog skeleton (Crypt:2)
  A swamp dragon skeleton (Crypt:1)
  A draconian zombie (Crypt:1)
  6 kobold brigands
  14 bullfrogs
  A human zombie (Vaults:1)
  5 scorpions
  5 earth elementals
  A gnoll sergeant (D:12)
  3 naga simulacra
  A warg skeleton (Crypt:2)
  4 burial acolytes (Crypt:3)
  12 wights
  12 killer bees
  A shapeshifter skeleton (Crypt:2)
  7 howler monkeys
  17 electric eels
  A lava snake (Vaults:4)
  A bombardier beetle (D:5)
  6 hounds
  A gnoll bouda (D:5)
  20 orc priests
  A jelly (D:8)
  A jelly (shapeshifter) (Elf:3)
  A sleepcap (D:8)
  Jessica (D:2)
  A basilisk skeleton (Crypt:2)
  Terence (D:2)
  An iguana (D:5)
  18 orc wizards
  22 hell rats
  An ogre skeleton (Crypt:1)
  23 mummies
  14 gnolls
  6 adders
  A howler monkey skeleton (Crypt:1)
  2 river rats (Sewer)
  A steam dragon skeleton (Crypt:2)
  A white imp (D:7)
  63 orcs
  6 bats
  9 endoplasms
  3 giant cockroaches
  4 goblins
  8 hobgoblins
  2 jackals (Sewer)
  15 kobolds
  3 quokkas
  A river rat zombie (Crypt:1)
  7 ball pythons
  2 frilled lizards
  A goblin skeleton (Crypt:1)
  A kobold skeleton (Crypt:2)
  10 rats
  12 aspiring fleshes
  3 ball lightnings (Zig:21)
  7 creeping infernos
  3 fire vortices
  2 tentacles (Shoals:4)
3864 creatures vanquished.

Vanquished Creatures (collateral kills)
  A golden dragon (Zot:2)
  A moth of wrath (Zot:2)
2 creatures vanquished.

Vanquished Creatures (others)
  A pandemonium lord (Zig:21)
  A golden dragon (Dis:3)
  A tentacled monstrosity (Zig:13)
  A ghost moth (shapeshifter) (Zig:21)
  2 shard shrike simulacra (Coc:7)
  A hydra (Zig:6)
  A quicksilver dragon simulacrum (Coc:7)
  2 swamp dragons (Zig:13)
  A naga mage (Snake:1)
  A titan simulacrum (Zig:15)
  2 hornets (Zig:13)
  A human (Snake:1)
  A basilisk (D:15)
  A creeping inferno (Geh:2)
  12 foxfires
  2 tentacles (Shoals:4)
31 creatures vanquished.

Grand Total: 3897 creatures vanquished

Notes
Turn   | Place    | Note
-------+----------+-------------------------------------------
     0 | D:1      | Essalna the Gargoyle Earth Elementalist began the quest for
                  | the Orb.
     0 | D:1      | Reached XP level 1. HP: 10/10 MP: 3/3
    57 | D:1      | Identified a scroll of acquirement
    57 | D:1      | Acquired the +3 Elemental Staff {ele, rElec rF+ rC+ AC+3}
    57 | D:1      | Found the +3 Elemental Staff {ele, rElec rF+ rC+ AC+3}
   295 | D:1      | Reached XP level 2. HP: 15/15 MP: 1/5
   557 | D:1      | Found Ycysam's Weapon Emporium.
   817 | D:2      | Reached XP level 3. HP: 19/19 MP: 4/6
   846 | D:2      | Noticed Jessica
   847 | D:2      | Killed Jessica
  1001 | D:2      | Reached XP level 4. HP: 24/24 MP: 6/8
  1237 | D:2      | Noticed Terence
  1244 | D:2      | Killed Terence
  1471 | D:2      | Found a broken altar of Ashenzari.
  2052 | D:3      | Reached XP level 5. HP: 6/28 MP: 3/9
  2593 | D:4      | Reached skill level 1 in Fighting
  2593 | D:4      | Reached skill level 1 in Shields
  2875 | D:4      | Reached skill level 5 in Earth Magic
  3028 | D:5      | Entered Level 5 of the Dungeon
  3082 | D:5      | Reached XP level 6. HP: 34/34 MP: 5/11
  3241 | D:5      | Found a hide-covered altar of Uskayaw.
  3812 | D:5      | Noticed Sigmund
  3817 | D:5      | Killed Sigmund
  3818 | D:5      | Reached XP level 7. HP: 40/40 MP: 7/12
  3862 | D:5      | Found a basalt altar of Yredelemnul.
  3862 | D:5      | Found a glowing silver altar of Zin.
  3862 | D:5      | Found a broken altar of Ashenzari.
  3868 | D:5      | Found an iron altar of Okawaru.
  3870 | D:5      | Found a blossoming altar of Fedhas.
  3893 | D:5      | Found a burning altar of Makhleb.
  3894 | D:5      | Found a sacrificial altar of Ru.
  3896 | D:5      | Found a stormy altar of Qazlal.
  3908 | D:5      | Found a bloodstained altar of Trog.
  3909 | D:5      | Found a shimmering altar of Xom.
  4116 | D:6      | Found a shimmering blue altar of Sif Muna.
  4181 | D:6      | Found a glowing drain.
  4189 | Sewer    | Entered a sewer
  4314 | Sewer    | Reached XP level 8. HP: 46/46 MP: 7/14
  4391 | Sewer    | Found a white marble altar of Elyvilon.
  4627 | D:6      | Found an ancient bone altar of Kikubaaqudgha.
  4629 | D:6      | Found a radiant altar of Vehumet.
  4632 | D:6      | Got Kikubaaqudgha's Cyclopedia of the Tomb
  4677 | D:6      | Became a worshipper of Vehumet
  4792 | D:6      | Learned a level 3 spell: Stone Arrow
  4890 | D:6      | Found a staircase to the Ecumenical Temple.
  5434 | D:7      | Reached skill level 5 in Conjurations
  5630 | D:7      | Reached skill level 5 in Spellcasting
  5760 | D:7      | Noticed a wraith
  5788 | D:6      | Killed a wraith
  5789 | D:6      | Reached skill level 5 in Fighting
  5789 | D:6      | Reached XP level 9. HP: 30/54 MP: 3/16
  6458 | D:8      | Noticed a two-headed ogre
  6706 | D:8      | Killed a two-headed ogre
  6707 | D:8      | Reached XP level 10. HP: 61/61 MP: 9/19
  6785 | D:8      | Reached * piety under Vehumet
  6785 | D:8      | Offered knowledge of Sting by Vehumet.
  7665 | D:9      | Offered knowledge of Scorch by Vehumet.
  7668 | D:9      | Reached ** piety under Vehumet
  7709 | D:9      | Found a sparkling altar of Nemelex Xobeh.
  7734 | D:9      | Reached skill level 1 in Armour
  8035 | D:9      | Reached skill level 10 in Earth Magic
  8174 | D:9      | Found a staircase to the Lair.
  8190 | D:9      | Noticed a two-headed ogre
  8198 | D:9      | Killed a two-headed ogre
  8199 | D:9      | Reached XP level 11. HP: 49/68 MP: 10/22
  8755 | D:9      | Found a white marble altar of Elyvilon.
  8889 | D:10     | Entered Level 10 of the Dungeon
  9025 | D:10     | Noticed a two-headed ogre
  9030 | D:10     | Killed a two-headed ogre
  9183 | D:10     | Identified the +7 rapier of Jiyth {drain, rF+ Str+2}
  9236 | D:10     | Offered knowledge of Inner Flame by Vehumet.
  9541 | D:10     | Found a portal to a secret trove of treasure.
  9979 | D:11     | Noticed a two-headed ogre
  9984 | D:11     | Killed a two-headed ogre
 10056 | D:11     | Noticed a two-headed ogre
 10061 | D:11     | Killed a two-headed ogre
 10303 | D:11     | Reached *** piety under Vehumet
 10313 | D:11     | Noticed a two-headed ogre
 10318 | D:11     | Killed a two-headed ogre
 10797 | D:12     | Noticed a boulder beetle
 10818 | D:12     | Killed a boulder beetle
 11034 | D:12     | Identified the +2 scale mail of Tentacled Salvation {rElec
                  | rC+ rCorr SInv}
 11119 | D:12     | Reached skill level 5 in Armour
 11312 | D:12     | Reached XP level 12. HP: 76/76 MP: 21/24
 11434 | D:12     | Offered knowledge of Dazzling Flash by Vehumet.
 11441 | D:12     | Reached skill level 10 in Conjurations
 11533 | Lair:1   | Entered Level 1 of the Lair of Beasts
 11929 | Lair:1   | Noticed Sonja
 11930 | Lair:1   | Reached skill level 10 in Fighting
 12149 | Lair:1   | Killed Sonja
 12207 | Lair:1   | Found a transporter.
 12545 | Lair:1   | Noticed a boulder beetle
 12730 | Lair:2   | Reached **** piety under Vehumet
 12736 | Lair:2   | Found a staircase to the Snake Pit.
 13077 | Lair:2   | Noticed a five-headed hydra
 13081 | Lair:2   | Killed a five-headed hydra
 13152 | Lair:2   | Noticed a catoblepas
 13176 | Lair:2   | Killed a catoblepas
 13176 | Lair:2   | Offered knowledge of Freezing Cloud by Vehumet.
 13189 | Lair:2   | Learned a level 5 spell: Freezing Cloud
 13290 | Lair:2   | Reached XP level 13. HP: 84/84 MP: 25/25
 13347 | Lair:2   | Identified the +0 ring mail of the Archfiend {Rampage +Inv
                  | Stlth+}
 13354 | Lair:2   | Reached skill level 1 in Ice Magic
 13363 | Lair:2   | Reached skill level 1 in Air Magic
 14030 | Lair:1   | Found a transporter.
 14037 | Lair:1   | Found a bloodstained altar of Trog.
 14039 | Lair:1   | Noticed koorschki's ghost (novice DsAE)
 14807 | Lair:3   | Reached ***** piety under Vehumet
 14809 | Lair:3   | Offered knowledge of Permafrost Eruption by Vehumet.
 14823 | Lair:3   | Learned a level 6 spell: Permafrost Eruption
 15330 | Lair:3   | Reached skill level 5 in Ice Magic
 15781 | Lair:3   | Found a staircase to the Shoals.
 15944 | Lair:3   | Gained mutation: Your large and strong wings let you fly.
                  | [Gargoyle growth]
 15944 | Lair:3   | Reached XP level 14. HP: 92/92 MP: 19/26
 18083 | Lair:4   | Reached skill level 15 in Earth Magic
 18449 | Lair:4   | Identified the amulet of the Firefly {rC+ Regen+ Int+3}
 18565 | Lair:5   | Entered Level 5 of the Lair of Beasts
 18580 | Lair:5   | Reached XP level 15. HP: 101/101 MP: 15/27
 18871 | Lair:5   | Found a runed translucent door.
 18872 | Lair:5   | Found a viscous altar of Jiyva.
 18874 | Lair:5   | Noticed an acid blob
 18894 | Lair:5   | Found a staircase to the Slime Pits.
 19936 | Lair:5   | Offered knowledge of Starburst by Vehumet.
 20122 | Lair:5   | Reached skill level 15 in Fighting
 20756 | Lair:5   | Found a corrupted altar of Lugonu.
 20757 | Lair:5   | Found a one-way gate to the infinite horrors of the Abyss.
 21002 | Shoals:1 | Entered Level 1 of the Shoals
 21008 | Shoals:1 | Noticed Donald
 21009 | Shoals:1 | Identified the serpent talisman of Atzaf {Stlth+}
 21009 | Shoals:1 | Noticed Aizul
 21010 | Shoals:1 | Killed Donald
 21013 | Shoals:1 | Killed Aizul
 21270 | Shoals:1 | Reached skill level 10 in Ice Magic
 21788 | Shoals:1 | Learned a level 2 spell: Blink
 21872 | Shoals:1 | Found Pere's Vocational Training.
 22091 | Shoals:1 | Found Memn's General Store.
 22475 | Shoals:2 | Reached XP level 16. HP: 110/110 MP: 23/28
 22479 | Shoals:2 | Offered knowledge of Spellforged Servitor by Vehumet.
 22994 | Shoals:2 | Noticed Ilsuiw
 22997 | Shoals:2 | Killed Ilsuiw
 23581 | Shoals:3 | Noticed Mlioglotl
 23586 | Shoals:3 | Killed Mlioglotl
 24134 | Shoals:3 | Noticed a kraken
 24138 | Shoals:3 | Killed a kraken
 24877 | Shoals:3 | Found a hide-covered altar of Uskayaw.
 25372 | Shoals:4 | Entered Level 4 of the Shoals
 25947 | Shoals:3 | Reached XP level 17. HP: 78/117 MP: 13/29
 26093 | Shoals:4 | Reached skill level 5 in Dodging
 26643 | Shoals:4 | Reached ****** piety under Vehumet
 27196 | Shoals:4 | Noticed a kraken
 27200 | Shoals:4 | Killed a kraken
 27467 | Shoals:4 | Offered knowledge of Ozocubu's Refrigeration by Vehumet.
 27476 | Shoals:4 | Learned a level 7 spell: Ozocubu's Refrigeration
 27891 | Shoals:4 | Got a barnacled rune of Zot
 28127 | Snake:1  | Entered Level 1 of the Snake Pit
 28189 | Snake:1  | Noticed Louise
 28197 | Snake:1  | Killed Louise
 28213 | Snake:1  | Noticed Kirke
 28215 | Snake:1  | Killed Kirke
 28216 | Snake:1  | Reached skill level 10 in Armour
 28570 | Snake:1  | Noticed Nikola
 28573 | Snake:1  | Killed Nikola
 28701 | Snake:1  | You are sucked into a shaft and drop 1 floor!
 29586 | Snake:3  | Found a burning altar of Makhleb.
 29747 | Snake:3  | Reached XP level 18. HP: 124/124 MP: 28/31
 29895 | Snake:3  | Reached skill level 10 in Spellcasting
 29957 | Snake:3  | Offered knowledge of Lee's Rapid Deconstruction by Vehumet.
 31092 | Snake:4  | Entered Level 4 of the Snake Pit
 31334 | Snake:4  | Noticed Vashnia
 31338 | Snake:4  | Killed Vashnia
 31577 | Snake:4  | Offered knowledge of Irradiate by Vehumet.
 31779 | Snake:4  | Noticed Roxanne
 31786 | Snake:4  | Killed Roxanne
 33026 | Snake:4  | Reached XP level 19. HP: 131/131 MP: 31/34
 33137 | Snake:4  | Offered knowledge of Lehudib's Crystal Spear by Vehumet.
 33538 | Snake:4  | Got a serpentine rune of Zot
 33654 | Snake:4  | Learned a level 8 spell: Lehudib's Crystal Spear
 33845 | D:9      | Upgraded the game from 0.32-a0-683-ge26c5dbc97 to
                  | 0.32-a0-696-g5fa0bccb63
 34222 | D:12     | Found a staircase to the Orcish Mines.
 34814 | D:13     | Found a white marble altar of Elyvilon.
 34942 | D:13     | Found a gate to the Vaults.
 35272 | Orc:1    | Entered Level 1 of the Orcish Mines
 35466 | Orc:1    | Found Xoiptusa's Jewellery Shoppe.
 35588 | Orc:1    | You are sucked into a shaft and drop 1 floor!
 35588 | Orc:2    | Entered Level 2 of the Orcish Mines
 35588 | Orc:2    | Found a staircase to the Elven Halls.
 35612 | Orc:2    | Offered knowledge of Shatter by Vehumet.
 35612 | Orc:2    | Offered knowledge of Polar Vortex by Vehumet.
 35612 | Orc:2    | Offered knowledge of Maxwell's Capacitive Coupling by
                  | Vehumet.
 35658 | Orc:2    | Found a gate leading to a gauntlet.
 35666 | Gauntlet | Entered a Gauntlet
 35666 | Gauntlet | Found a transporter.
 35666 | Gauntlet | Found a transporter.
 35811 | Gauntlet | Found a transporter.
 35813 | Gauntlet | Found a transporter.
 35817 | Gauntlet | Found a runed translucent door.
 35821 | Gauntlet | Found a transporter.
 35824 | Gauntlet | Found a transporter.
 35832 | Gauntlet | Found a transporter.
 35852 | Gauntlet | Found a transporter.
 35870 | Gauntlet | Found a transporter.
 35874 | Gauntlet | Found a transporter.
 35884 | Gauntlet | Found a transporter.
 35886 | Gauntlet | Found a transporter.
 35929 | Gauntlet | Found a runed translucent door.
 36113 | Gauntlet | Identified the +8 mace "Brush" {pain, rF+ Str+3 Dex+5}
 36264 | Gauntlet | Identified the +4 orcbow of the Abyss {drain, Dex+6}
 36264 | Gauntlet | Identified the ring "Awaowa" {rN+ Int+6 Dex+4}
 36307 | Gauntlet | Learned a level 9 spell: Shatter
 36313 | Orc:2    | Reached skill level 15 in Ice Magic
 36481 | Orc:2    | Found a roughly hewn altar of Beogh.
 36834 | Orc:2    | Found Opruv's Magic Scroll Emporium.
 36947 | Orc:2    | Found Ocsim's Distillery.
 37014 | Orc:2    | Bought a scroll of teleportation for 42 gold pieces
 37014 | Orc:2    | Bought a scroll of blinking for 105 gold pieces
 37014 | Orc:2    | Bought a scroll of teleportation for 42 gold pieces
 37016 | Orc:2    | Bought a potion of heal wounds for 70 gold pieces
 37016 | Orc:2    | Bought a potion of heal wounds for 70 gold pieces
 37016 | Orc:2    | Bought a potion of heal wounds for 70 gold pieces
 37368 | Orc:2    | Found Teori's Antique Weapon Shop.
 37368 | Orc:2    | Found Olum's Jewellery Boutique.
 37400 | Orc:2    | Found a one-way gate leading to the halls of Pandemonium.
 37761 | Elf:1    | Entered Level 1 of the Elven Halls
 38906 | Elf:1    | Got the Volume of Attacks
 39414 | Elf:2    | Got Sif Muna's Meditations on Spelunking
 39732 | Elf:2    | Reached XP level 20. HP: 139/139 MP: 36/36
 39759 | Elf:2    | Found a runed translucent gate.
 39759 | Elf:2    | Found a runed translucent gate.
 39760 | Elf:2    | Found a runed translucent gate.
 40053 | Elf:2    | Noticed Norris
 40080 | Elf:2    | Killed Norris
 40528 | Elf:3    | Entered Level 3 of the Elven Halls
 40671 | Elf:3    | Found Paro's Antique Weapon Boutique.
 40671 | Elf:3    | Found Byotuugh's Distillery.
 40675 | Elf:3    | Found Ukedon's Magic Scroll Boutique.
 40688 | Elf:3    | Bought 2 potions of magic for 256 gold pieces
 40688 | Elf:3    | Bought a potion of heal wounds for 80 gold pieces
 40688 | Elf:3    | Bought a potion of mutation for 128 gold pieces
 41067 | Elf:3    | Identified the +0 chain mail of Suek {^Drain Fly rF+++
                  | Dex-4}
 41226 | Elf:3    | Identified the amulet of Xom's Sleight of Hands {Faith rC-
                  | Slay+5 SInv}
 41287 | Elf:3    | Identified the +10 scale mail of the Heavens {Str+3 Stlth+}
 41309 | Elf:3    | Identified the +1 long sword "Zivev" {flame, rElec rC+
                  | Will+ Dex-3}
 41331 | Elf:3    | Noticed a Tzitzimitl
 41418 | Elf:3    | Identified the +1 hand axe "Zamnef" {flame, rElec rC+ Str+3
                  | Dex-2}
 41476 | Elf:3    | Identified the +3 mace of Eternal War {freeze, rN+ Will+
                  | Int+2 Stlth-}
 41501 | Elf:3    | Got the Treatise on Assistive Fever
 41684 | Vaults:1 | Entered Level 1 of the Vaults
 42212 | Vaults:1 | Noticed Asterion
 42216 | Vaults:1 | Killed Asterion
 42359 | Vaults:1 | Found Kebaenof's Distillery.
 42362 | Vaults:1 | Bought a potion of magic for 96 gold pieces
 43401 | Vaults:1 | Reached XP level 21. HP: 146/146 MP: 36/38
 43601 | Vaults:2 | Identified the +0 robe of Sif Muna's Favour {Rampage rC+
                  | Regen+}
 43763 | Vaults:2 | Found a staircase to the Crypt.
 44037 | Vaults:2 | Identified the +7 halberd "Omentom" {drain, Dex+4}
 44370 | Vaults:2 | Identified the +1 hand cannon of Foul Odours {freeze, Will+
                  | Str+4 Dex+3}
 46622 | Crypt:1  | Entered Level 1 of the Crypt
 47858 | Crypt:1  | Reached skill level 5 in Shields
 48512 | Crypt:2  | Reached XP level 22. HP: 150/155 MP: 24/40
 49712 | Crypt:2  | Noticed a royal mummy
 49716 | Crypt:2  | Killed a royal mummy
 49729 | Crypt:2  | Identified the +0 leather armour "Leareimo" {+Blink rElec
                  | Regen+ Str-4}
 49729 | Crypt:2  | Noticed a royal mummy
 49737 | Crypt:2  | Reached skill level 15 in Spellcasting
 49909 | Crypt:2  | Killed a royal mummy
 50068 | Crypt:2  | Noticed a royal mummy
 50073 | Crypt:2  | Killed a royal mummy
 50372 | Crypt:2  | Found the +7 sceptre of Torment {pain, torment}
 50530 | Crypt:3  | Entered Level 3 of the Crypt
 50795 | Crypt:3  | Identified the orb of the Morning Star {*channel, Str+4}
 50795 | Crypt:3  | Noticed Frederick
 50803 | Crypt:3  | Killed Frederick
 51075 | Crypt:3  | Found an ancient bone altar of Kikubaaqudgha.
 51106 | Crypt:3  | Noticed Sojobo
 51113 | Crypt:3  | Killed Sojobo
 51889 | Crypt:3  | Noticed Khufu
 51894 | Crypt:3  | Killed Khufu
 52022 | Crypt:3  | Found a staircase to the Tomb.
 52045 | Crypt:3  | Reached skill level 10 in Shields
 52045 | Crypt:3  | Reached XP level 23. HP: 159/160 MP: 27/43
 52230 | Crypt:3  | Got Borgnjor's Volume of Black Deeds
 53936 | Vaults:4 | Found Senair's Jewellery Boutique.
 54681 | Vaults:4 | Got the Handbook of the Coals
 54767 | Vaults:4 | Noticed a caustic shrike
 54921 | Vaults:4 | Got the Papyrus of Convocation
 55029 | Vaults:4 | Killed a caustic shrike
 55156 | Vaults:4 | Got the Elucidation of the Fjord
 55314 | Vaults:5 | Entered Level 5 of the Vaults
 55318 | Vaults:5 | Reached XP level 24. HP: 166/166 MP: 44/44
 55332 | Vaults:5 | Noticed a dread lich
 55335 | Vaults:5 | Killed a dread lich
 55336 | Vaults:5 | Identified the ring of Pahypo {Ice rPois Str+4 Dex-4}
 55387 | Vaults:5 | Noticed Jory
 55515 | Vaults:5 | Killed Jory
 55679 | Vaults:4 | Learned a level 9 spell: Polar Vortex
 55801 | Vaults:5 | Identified the +7 chain mail of Haobbi Hiuh {rC+ MP+9}
 55965 | Vaults:5 | Identified the +4 great sword of Merghipi {flame, Fly rC+
                  | Int+6}
 55987 | Vaults:5 | Noticed a dread lich
 55993 | Vaults:5 | Killed a dread lich
 56130 | Vaults:5 | Got a silver rune of Zot
 56266 | Vaults:5 | Identified the +1 dagger of Lavari {distort, rF+ rN+ Will+
                  | MP-9}
 56380 | Vaults:5 | Reached skill level 15 in Shields
 56392 | Vaults:5 | Found Kaidud's Antique Armour Shop.
 56396 | Vaults:5 | Found Zenteck's Antique Armour Shop.
 56404 | Vaults:5 | Bought a shiny helmet for 330 gold pieces
 56659 | Vaults:5 | Identified the amulet of Esenwu {rF+ Regen+ RegenMP+
                  | Slay+3}
 57232 | D:14     | Noticed Jorgrun
 57234 | D:14     | Killed Jorgrun
 57509 | D:14     | Reached XP level 25. HP: 171/171 MP: 45/45
 57594 | D:14     | Noticed Nessos
 57596 | D:14     | Killed Nessos
 57862 | D:15     | Entered Level 15 of the Dungeon
 57877 | D:15     | Noticed Agnes
 57878 | D:15     | Killed Agnes
 58371 | D:15     | Found a staircase to the Depths.
 58452 | D:15     | Found Luumomet's Assorted Antiques.
 58808 | Depths:1 | Entered Level 1 of the Depths
 58849 | Depths:1 | Found a glowing golden altar of the Shining One.
 58923 | Depths:1 | Found Geodat's Jewellery Boutique.
 58928 | Depths:1 | Noticed Saint Roka
 58933 | Depths:1 | Killed Saint Roka
 59064 | Depths:1 | Acquired 701 gold pieces
 59124 | Depths:1 | Found Veny's Book Emporium.
 59162 | Depths:1 | Found Cimuim's Antique Armour Boutique.
 59176 | Depths:1 | Bought a pair of heavily runed boots for 247 gold pieces
 59176 | Depths:1 | Identified the +1 pair of boots of the Shrike {rElec} (You
                  | bought it in a shop on level 1 of the Depths)
 59246 | Depths:1 | Found Wuattupt's Armour Boutique.
 59466 | Depths:1 | Found a gateway to Hell.
 59498 | Depths:2 | Found a one-way gateway to a ziggurat.
 59679 | Depths:2 | Gained mutation: You have hidden genetic potential.
                  | [mutagenic glow]
 59804 | Depths:2 | Paralysed by a sphinx for 3 turns
 60416 | Depths:2 | Got Qiaz's Atlas of the Discontinuous Lungs
 60428 | Depths:2 | Got the Octavo of Flashy Anathema
 60750 | Depths:3 | Reached XP level 26. HP: 177/177 MP: 40/46
 60933 | Depths:3 | Found the +8 frozen axe "Frostbite" {freeze, freezing
                  | cloud, *Noise Fly rC+}
 61108 | Depths:3 | Found an ornate altar of the Wu Jian Council.
 61115 | Depths:4 | Entered Level 4 of the Depths
 61526 | Depths:4 | Found a gate to the Realm of Zot.
 61537 | Depths:4 | Got a midnight gem with 272 turns to spare
 61783 | Depths:4 | Noticed Grunn
 61788 | Depths:4 | Killed Grunn
 61834 | Depths:4 | Gained mutation: Your flesh is cold resistant. (rC+)
                  | [hidden potential]
 61991 | Depths:4 | Identified the +4 ring mail of Bright Life {Will+ Int-2
                  | Dex+4 Stlth+}
 62457 | Hell     | Entered the Vestibule of Hell
 62457 | Hell     | Noticed Geryon
 62466 | Hell     | Killed Geryon
 62472 | Hell     | Gained mutation: Armour fits poorly on your strangely
                  | shaped body. [a cacodemon]
 62474 | Hell     | Reached skill level 15 in Armour
 62685 | Hell     | Found a gateway to the decaying netherworld of Tartarus.
 62734 | Hell     | Found a gateway to the freezing wastes of Cocytus.
 62863 | Hell     | Found a gateway to the Iron City of Dis.
 62924 | Hell     | Found a gateway to the ashen valley of Gehenna.
 63255 | D:10     | You paid a toll of the horn of Geryon to enter a treasure
                  | trove
 63256 | Trove    | Entered a treasure trove
 63259 | Trove    | Found the +2 pair of slick slippers {slick, slippery, EV+4}
 63260 | Trove    | Found the +3 Mad Mage's Maulers {Infuse+∞ VampMP -Cast}
 63263 | Trove    | Identified the +2 hat of the Tundras {rN+ Dex+2}
 63312 | Trove    | Identified the +1 pair of gloves "Vuifrofo" {Rampage rElec
                  | rF+}
 63331 | Trove    | Identified the +1 kite shield of a bailey {Str+4 Dex+3}
 63333 | Trove    | Identified the +1 leather armour "Yhol" {Rampage rN+ Int+3}
 63351 | Trove    | Identified the +5 kite shield of Death Resistance {rF+ MP+9
                  | Slay+2}
 63352 | Trove    | Identified the -2 helmet "Ycwuegon" {rF++ rC+ Regen+ Int+2}
 63622 | Coc:1    | Entered Level 1 of Cocytus
 63740 | Coc:1    | Reached XP level 27. HP: 182/182 MP: 46/46
 63911 | Coc:2    | Paralysed by a wendigo for 1 turns
 64934 | Coc:5    | Noticed an ancient lich
 64937 | Coc:5    | Killed an ancient lich
 65224 | Coc:6    | Gained mutation: You expend magic power (3 MP) to
                  | strengthen your wands. [hidden potential]
 65224 | Coc:6    | Lost mutation: You have hidden genetic potential. [hidden
                  | potential expressed]
 65473 | Coc:7    | Entered Level 7 of Cocytus
 66312 | Coc:7    | Identified the orb "Kekhloak" {light, Dex+3 Tloc Alchemy}
 66312 | Coc:7    | Noticed Antaeus
 66327 | Coc:7    | Killed Antaeus
 66425 | Coc:7    | Got an icy rune of Zot
 66427 | Coc:7    | Got the Treatise on Ashes and the Quake
 66865 | Coc:7    | Found the +10 morningstar "Eos" {elec, Halo rElec}
 66885 | Coc:7    | Identified the +9 plate armour of Honour {-Tele rCorr Str+2
                  | Int+4}
 66886 | Coc:7    | Identified the staff of Loskocli {Tloc Earth}
 67045 | Tar:1    | Entered Level 1 of Tartarus
 68021 | Tar:2    | Noticed an ancient lich
 68024 | Tar:2    | Killed an ancient lich
 69267 | Tar:7    | Entered Level 7 of Tartarus
 69789 | Tar:7    | Got the Guidebook on Snow
 69809 | Tar:7    | Noticed a dread lich
 69812 | Tar:7    | Noticed a dread lich
 69814 | Tar:7    | Killed a dread lich
 69820 | Tar:7    | Killed a dread lich
 69836 | Tar:7    | Reached skill level 27 in Earth Magic
 70048 | Tar:7    | Noticed the Serpent of Hell
 70048 | Tar:7    | Noticed Ereshkigal
 70049 | Tar:7    | Paralysed by Ereshkigal for 3 turns
 70116 | Tar:7    | Killed the Serpent of Hell
 70239 | Tar:7    | Noticed an ancient lich
 70241 | Tar:7    | Killed an ancient lich
 70254 | Tar:7    | Noticed a dread lich
 70259 | Tar:7    | Killed a dread lich
 70261 | Tar:7    | Noticed an ancient lich
 70265 | Tar:7    | Killed an ancient lich
 70445 | Tar:7    | Killed Ereshkigal
 70596 | Tar:7    | Found the +8 demon trident "Rift" {distort, reach+}
 70609 | Tar:7    | Identified the staff "Eroqepoh" {rC+ Fire Ice}
 70886 | Tar:7    | Identified the +0 scale mail of Minor Irritation {Int+3}
 70935 | Tar:7    | Got a bone rune of Zot
 71121 | Geh:1    | Entered Level 1 of Gehenna
 71358 | Geh:2    | Noticed an ancient lich
 71361 | Geh:2    | Killed an ancient lich
 71418 | Geh:2    | You are sucked into a shaft and drop 2 floors!
 72723 | Geh:7    | Entered Level 7 of Gehenna
 73337 | Geh:7    | Identified the amulet "Pessecy" {Faith ^Fragile rElec rF+
                  | rC+}
 73340 | Geh:7    | Identified the +0 robe "Itubeelol" {Int+3 Archmagi}
 73367 | Geh:7    | Identified the +0 scale mail of Impressiveness {Fly SInv}
 73422 | Geh:7    | Found the +13 sceptre of Asmodeus
 73422 | Geh:7    | Noticed Asmodeus
 73429 | Geh:7    | Killed Asmodeus
 73484 | Geh:7    | Got an obsidian rune of Zot
 73940 | Dis:1    | Entered Level 1 of the Iron City of Dis
 74495 | Dis:3    | You are sucked into a shaft and drop 2 floors!
 74789 | Dis:6    | Found a burning altar of Makhleb.
 74838 | Dis:6    | Reached skill level 27 in Fighting
 75286 | Dis:7    | Entered Level 7 of the Iron City of Dis
 75929 | Dis:7    | Identified the ring "Plog" {+Blink Fly Str+5}
 76521 | Dis:7    | Reached skill level 27 in Ice Magic
 76675 | Dis:7    | Noticed Dispater
 76685 | Dis:7    | Killed Dispater
 76798 | Dis:7    | Found the +5 glaive of the Guard {elec, spectral}
 76808 | Dis:7    | Identified the +0 plate armour "Fesif" {-Tele Int+10}
 76811 | Dis:7    | Got an iron rune of Zot
 76823 | Dis:7    | Identified the +3 rapier of Iklil {flame, rF++ rN+++ Str-3
                  | Stlth+}
 77256 | Zot:1    | Entered Level 1 of the Realm of Zot
 77256 | Zot:1    | Noticed Vv
 77259 | Zot:1    | Killed Vv
 77608 | Zot:1    | Gained mutation: Your muscles are strong. (Str +4, Int/Dex
                  | -1) [mutagenic glow]
 77624 | Zot:1    | Lost mutation: Your muscles are strong. (Str +4, Int/Dex
                  | -1) [mutagenic glow]
 77644 | Zot:1    | Gained mutation: You occasionally lose the ability to drink
                  | potions when taking damage. [mutagenic glow]
 77663 | Zot:1    | Gained mutation: You sometimes lose your temper in combat.
                  | [mutagenic glow]
 79002 | Slime:1  | Entered Level 1 of the Pits of Slime
 79978 | Slime:3  | Reached skill level 1 in Evocations
 80497 | Slime:5  | Entered Level 5 of the Pits of Slime
 80610 | Slime:5  | Noticed the Royal Jelly
 80616 | Slime:5  | Killed the Royal Jelly
 80696 | Slime:5  | Identified the ring of Syndicalism {Wiz Int+3 Dex+3}
 80802 | Slime:5  | Identified the +9 plate armour of Compression {-Tele rElec
                  | Int+5}
 80849 | Slime:5  | Learned a level 7 spell: Spellforged Servitor
 80897 | Slime:5  | Identified the amulet of Qifadwua {Reflect rElec Regen+
                  | Int+3 SH+5}
 80898 | Slime:5  | Identified the ring "Earthly Heaven" {+Blink rF- rC+ Int+6}
 80992 | Slime:5  | Got a slimy rune of Zot
 81411 | Slime:3  | Reached skill level 1 in Summonings
 82157 | Zot:2    | Noticed a dread lich
 82160 | Zot:2    | Killed a dread lich
 82277 | Zot:2    | Reached skill level 5 in Evocations
 82764 | Zot:2    | Reached skill level 5 in Summonings
 82988 | Zot:3    | You are sucked into a shaft and drop 1 floor!
 83822 | Zot:3    | Lost mutation: You occasionally lose the ability to drink
                  | potions when taking damage. [potion of mutation]
 83822 | Zot:3    | Lost mutation: You expend magic power (3 MP) to strengthen
                  | your wands. [potion of mutation]
 83822 | Zot:3    | Lost mutation: Armour fits poorly on your strangely shaped
                  | body. [potion of mutation]
 83822 | Zot:3    | Gained mutation: Your magical capacity is low. (-10% MP)
                  | [potion of mutation]
 83822 | Zot:3    | Gained mutation: Your flesh is very cold resistant. (rC++)
                  | [potion of mutation]
 83823 | Zot:3    | Lost mutation: Your flesh is very cold resistant. (rC++)
                  | [potion of mutation]
 83823 | Zot:3    | Lost mutation: Your magical capacity is low. (-10% MP)
                  | [potion of mutation]
 83823 | Zot:3    | Lost mutation: Your flesh is cold resistant. (rC+) [potion
                  | of mutation]
 83823 | Zot:3    | Gained mutation: You are partially covered in iridescent
                  | scales. (AC +2) [potion of mutation]
 83823 | Zot:3    | Gained mutation: Your natural rate of healing is unusually
                  | fast. [potion of mutation]
 83854 | Zot:3    | Identified the +5 morningstar "Beast's Bane" {flame, rPois
                  | rF- SInv}
 83941 | Zot:3    | Noticed an orb of fire
 83942 | Zot:3    | Gained mutation: Your health recovers twice as slowly from
                  | being drained. [an orb of fire]
 83944 | Zot:3    | Killed an orb of fire
 84688 | Zot:5    | Entered Level 5 of the Realm of Zot
 84835 | Zot:5    | Gained mutation: Armour fits poorly on your strangely
                  | shaped body. [mutagenic glow]
 84868 | Zot:5    | Noticed an ancient lich
 84872 | Zot:5    | Noticed an orb of fire
 84875 | Zot:5    | Killed an orb of fire
 84876 | Zot:5    | Killed an ancient lich
 84940 | Zot:5    | Noticed an orb of fire
 84943 | Zot:5    | Gained mutation: You occasionally lose the ability to drink
                  | potions when taking damage. [an orb of fire]
 84945 | Zot:5    | Killed an orb of fire
 84948 | Zot:5    | Noticed an orb of fire
 84950 | Zot:5    | Killed an orb of fire
 84962 | Zot:5    | Reached skill level 15 in Conjurations
 84962 | Zot:5    | Noticed an ancient lich
 84966 | Zot:5    | Killed an ancient lich
 85032 | Zot:5    | Noticed an ancient lich
 85037 | Zot:5    | Killed an ancient lich
 85049 | Zot:5    | Noticed an ancient lich
 85052 | Zot:5    | Killed an ancient lich
 85118 | Zot:5    | Noticed an orb of fire
 85120 | Zot:5    | Noticed an ancient lich
 85121 | Zot:5    | Killed an orb of fire
 85127 | Zot:5    | Killed an ancient lich
 85139 | Zot:5    | Noticed an ancient lich
 85147 | Zot:5    | Killed an ancient lich
 85198 | Zot:5    | Noticed an ancient lich
 85201 | Zot:5    | Killed an ancient lich
 85202 | Zot:5    | Reached skill level 10 in Evocations
 85285 | Zot:5    | Noticed an ancient lich
 85289 | Zot:5    | Killed an ancient lich
 85375 | Zot:5    | Noticed a dread lich
 85376 | Zot:5    | Paralysed by a dread lich for 2 turns
 85379 | Zot:5    | Killed a dread lich
 85380 | Zot:5    | Reached skill level 10 in Summonings
 85570 | Zot:5    | Noticed an ancient lich
 85573 | Zot:5    | Killed an ancient lich
 86018 | Zig:1    | Entered Level 1 of a ziggurat
 86049 | Zig:2    | Entered Level 2 of a ziggurat
 86091 | Zig:3    | Entered Level 3 of a ziggurat
 86094 | Zig:3    | Noticed Weiso the pandemonium lord
 86096 | Zig:3    | Killed Weiso the pandemonium lord
 86126 | Zig:4    | Entered Level 4 of a ziggurat
 86131 | Zig:4    | Gained mutation: You are frail. (-10% HP) [a shining eye]
 86203 | Zig:4    | Identified the +9 whip "Liteussy" {heavy, rF+ SInv}
 86211 | Zig:4    | Identified the +4 hand axe of Geopack {flame, MP+9 Str+4}
 86219 | Zig:5    | Entered Level 5 of a ziggurat
 86260 | Zig:6    | Entered Level 6 of a ziggurat
 86292 | Zig:6    | Identified the +5 broad axe "Raisin" {drain, rElec rN+
                  | Will+ Int+3}
 86304 | Zig:7    | Entered Level 7 of a ziggurat
 86356 | Zig:7    | Identified the ring of the Robin {rPois rF+ Will+ Dex+5}
 86364 | Zig:8    | Entered Level 8 of a ziggurat
 86454 | Zig:9    | Entered Level 9 of a ziggurat
 86493 | Zig:9    | Identified the ring of Bukebu {rPois rN+++ rCorr Str-5
                  | SInv}
 86495 | Zig:9    | Identified the +0 leather armour "Demuakas" {+Blink rN+
                  | Str-4 Dex+2}
 86503 | Zig:9    | Got the Anthology of the Inquisitive Knaves
 86534 | Zig:10   | Entered Level 10 of a ziggurat
 86541 | Zig:10   | Noticed an ancient lich
 86542 | Zig:10   | Noticed a dread lich
 86542 | Zig:10   | Noticed an ancient lich
 86548 | Zig:10   | Killed a dread lich
 86549 | Zig:10   | Killed an ancient lich
 86552 | Zig:10   | Killed an ancient lich
 86606 | Zig:10   | Identified the +6 orcbow of Isun {antimagic, *Slow rElec
                  | rC+ rCorr}
 86611 | Zig:10   | Identified the +1 glaive of Eminent Domain {flame, Will+}
 86623 | Zig:11   | Entered Level 11 of a ziggurat
 86675 | Zig:11   | Identified the ring of Virtue {rPois rC+ Will- rCorr SInv}
 86676 | Zig:11   | Identified the +10 halberd of Annihilation {flame, rC+ rN++
                  | Int-5 Dex+3}
 86694 | Zig:12   | Entered Level 12 of a ziggurat
 86706 | Zig:12   | Noticed a royal mummy
 86708 | Zig:12   | Noticed a royal mummy
 86709 | Zig:12   | Noticed a royal mummy
 86717 | Zig:12   | Killed a royal mummy
 86718 | Zig:12   | Killed a royal mummy
 86718 | Zig:12   | Killed a royal mummy
 86783 | Zig:12   | Identified the amulet "Unyujas" {Faith rElec rC+ MP+9}
 86806 | Zig:13   | Entered Level 13 of a ziggurat
 86845 | Zig:13   | Identified the +10 shortbow of Blind Justice {heavy, Str+5
                  | Int+2}
 86881 | Zig:13   | Got the Vellum of the Variable Boggart
 86899 | Zig:14   | Entered Level 14 of a ziggurat
 86943 | Zig:14   | Identified the +8 battleaxe of the Spheres {chaos, Dex+2}
 86956 | Zig:14   | Identified the +1 robe of Love and Death {Harm rC- Regen+
                  | SInv}
 86957 | Zig:14   | Identified the ring "Tiroutit" {rF+ Int+6 Slay+3}
 86963 | Zig:15   | Entered Level 15 of a ziggurat
 87033 | Zig:15   | Identified the +8 eveningstar of the Threshing Wolf {drain,
                  | ^Contam Dex+5 Stlth+}
 87071 | Zig:16   | Entered Level 16 of a ziggurat
 87082 | Zig:16   | Noticed an ancient lich
 87084 | Zig:16   | Noticed an ancient lich
 87086 | Zig:16   | Killed an ancient lich
 87086 | Zig:16   | Noticed an ancient lich
 87087 | Zig:16   | Killed an ancient lich
 87087 | Zig:16   | Noticed an ancient lich
 87088 | Zig:16   | Killed an ancient lich
 87088 | Zig:16   | Noticed an ancient lich
 87090 | Zig:16   | Killed an ancient lich
 87090 | Zig:16   | Killed an ancient lich
 87115 | Zig:16   | Found the +8 autumn katana {manifold assault}
 87139 | Zig:16   | Identified the +6 great sword of the Undead {flame, rF+
                  | Int-5 Dex+7}
 87141 | Zig:16   | Identified the +1 sling of Mueras {heavy, *Slow rN++ Dex+2
                  | SInv}
 87152 | Zig:16   | Identified the +2 pair of boots of Ruotuil {Harm Str+3
                  | Int+2 Slay-2}
 87155 | Zig:17   | Entered Level 17 of a ziggurat
 87172 | Zig:17   | Reached skill level 15 in Evocations
 87207 | Zig:17   | Found the ring of Shadows {Umbra +Inv Stlth+}
 87220 | Zig:17   | Identified the +10 demon trident "Damaubluic" {freeze,
                  | *Noise Int+5 Dex+3}
 87254 | Zig:17   | Identified the staff "Qosenkum" {*Corrode Fly rPois rC++
                  | rN+ Alchemy}
 87257 | Zig:18   | Entered Level 18 of a ziggurat
 87269 | Zig:18   | Noticed an ancient lich
 87272 | Zig:18   | Killed an ancient lich
 87272 | Zig:18   | Noticed an ancient lich
 87276 | Zig:18   | Killed an ancient lich
 87277 | Zig:18   | Reached skill level 15 in Summonings
 87330 | Zig:18   | Found the +7 Spriggan's Knife {stab, EV+4 Stlth+}
 87340 | Zig:18   | Identified the staff of the Throat {Dex-2 Summ Necro Earth}
 87348 | Zig:18   | Identified the +8 rapier of Wealth {drain, Fly Str-3 Dex+2}
 87352 | Zig:18   | Identified the ring of Wougaf {rF+ rN++ Dex+3}
 87363 | Zig:18   | Identified the +3 scale mail of the Tangerine {Slay+2}
 87371 | Zig:18   | Identified the ring of Puf Fetz {rPois Str+6 Int+4}
 87373 | Zig:18   | Identified the staff of Flawed Execution {Will+ Dex+3 Conj}
 87378 | Zig:19   | Entered Level 19 of a ziggurat
 87474 | Zig:19   | Acquired a manual of Maces & Flails
 87478 | Zig:19   | Acquired a manual of Summonings
 87488 | Zig:19   | Identified the amulet of Joasmot {Faith Str+3}
 87490 | Zig:19   | Identified the +0 scale mail "Mika" {rF+ rCorr Int+2}
 87492 | Zig:19   | Identified the ring of the Present {rC+ MP+9}
 87500 | Zig:19   | Identified the +7 hand axe "Giphul" {heavy, rElec}
 87527 | Zig:20   | Entered Level 20 of a ziggurat
 87541 | Zig:20   | Noticed an ancient lich
 87541 | Zig:20   | Noticed an ancient lich
 87542 | Zig:20   | Killed an ancient lich
 87543 | Zig:20   | Killed an ancient lich
 87545 | Zig:20   | Noticed a dread lich
 87548 | Zig:20   | Killed a dread lich
 87550 | Zig:20   | Noticed a dread lich
 87557 | Zig:20   | Killed a dread lich
 87592 | Zig:20   | Identified the staff of Defiance {rElec rC+ rCorr Str+5
                  | Ice}
 87648 | Zig:21   | Entered Level 21 of a ziggurat
 87664 | Zig:21   | Noticed Dowashonn the pandemonium lord
 87666 | Zig:21   | Noticed Muirei the pandemonium lord
 87667 | Zig:21   | Noticed Wojo the pandemonium lord
 87667 | Zig:21   | Noticed Wabyclei the pandemonium lord
 87667 | Zig:21   | Noticed Seag the pandemonium lord
 87668 | Zig:21   | Noticed Rub Iveraod the pandemonium lord
 87668 | Zig:21   | Noticed Gouwk the pandemonium lord
 87668 | Zig:21   | Noticed Tufopn the pandemonium lord
 87671 | Zig:21   | Killed Tufopn the pandemonium lord
 87671 | Zig:21   | Killed Dowashonn the pandemonium lord
 87671 | Zig:21   | Noticed Zelur the pandemonium lord
 87672 | Zig:21   | Killed Wabyclei the pandemonium lord
 87673 | Zig:21   | Killed Zelur the pandemonium lord
 87673 | Zig:21   | Killed Muirei the pandemonium lord
 87674 | Zig:21   | Killed Seag the pandemonium lord
 87674 | Zig:21   | Killed Wojo the pandemonium lord
 87674 | Zig:21   | Killed Rub Iveraod the pandemonium lord
 87676 | Zig:21   | Killed Gouwk the pandemonium lord
 87705 | Zig:21   | Identified the +1 pair of gloves of Xom's Outrage {Int+4
                  | Dex+4}
 87723 | Zig:21   | Identified the +1 hand cannon of Delightful Conscience
                  | {drain, Str+3 Dex+2 SInv}
 87749 | Zig:22   | Entered Level 22 of a ziggurat
 87785 | Zig:22   | HP: 4/179 [pearl dragon/blast of cleansing flame (23)]
 87785 | Zig:22   | Killed from afar by a daeva

Illustrated notes

Levels and vault maps discovered:
D:1:      scummos_arrival_checkerplants, layout_basic, serial_shops, shop
D:2:      layout_loops_corners, basic_altar, uniq_terence, uniq_jessica
D:3:      layout_rooms
D:4:      layout_basic
D:5:      layout_loops_corners, kennysheep_mini,
          nicolae_overflow_hallway_of_the_gods, uniq_sigmund
D:6:      layout_loops_corners, grunt_temple_overflow_magic_moments,
          temple_green, portal_sewer_entry_b, serial_rivers,
          chequers_serial_rivers_room_b, chequers_serial_rivers_micro_d,
          chequers_serial_rivers_marsh, chequers_serial_rivers_room_b,
          chequers_serial_rivers_small_a, minmay_misc_feat_cross,
          grunt_ministairs_10
D:7:      layout_gridville
D:8:      minmay_four_partial_circles, layout_rooms
D:9:      wander_river, layout_long_grid, mainiacjoe_overflow_cross_hatched,
          nemelex_diamond_rough_becter, erik_lair_island
D:10:     layout_gridville, nicolae_trove_entry_crystal,
          nicolae_figureground_pulse
D:11:     layout_loops_ring
D:12:     layout_basic, david_orc_3, kennysheep_boxes
D:13:     layout_rooms, david_vaults_4, elyvilon_altar_5
D:14:     layout_loops_ring, serial_bayou_pond_c, uniq_jorgrun, uniq_nessos
D:15:     hellmonk_depths_entry_around_the_bend, layout_basic, serial_shops,
          nicolae_shop_advertising_works [nicolae_subvault_shop_adworks],
          palyth_stone_intersect, uniq_agnes
Lair:1:   layout_roguey, gammafunk_ghost_wrathful_warriors,
          serial_bayou_shore_a, uniq_sonja
Lair:2:   layout_loops_ring, guppyfry_snake_entry_island,
          cheibrodos_lair_lostbears, infiniplex_staircase_pool,
          lemuel_fruit_tree
Lair:3:   nzn_winding_woodlands_stair_cross [nzn_winding_woodlands_5x15_zeroes,
          nzn_winding_woodlands_center_garden, nzn_winding_woodlands_5x15_eye,
          nzn_winding_woodlands_5x5_cross, nzn_winding_woodlands_5x5_three,
          nzn_winding_woodlands_5x15_split_checker,
          nzn_winding_woodlands_center_pierced_h,
          nzn_winding_woodlands_5x15_sidewinder], layout_cave_pods,
          elwin_shoals_entry_rooms, nicolae_lair_lakeside_cave
Lair:4:   layout_misc_corridors, minmay_lindwurm_lava, lemuel_fruit_fields
Lair:5:   hellmonk_lair_end_abyssal_woods, layout_hall_layers, slime_entry_2,
          serial_bayou_lake_a
Shoals:1: layout_shoals, serial_shops, nicolae_shop_tiny_real_fake_doors,
          nicolae_shop_vocational, uniq_aizul, uniq_donald
Shoals:2: layout_shoals, uniq_ilsuiw
Shoals:3: layout_shoals, portal_ice_cave_entry_pillars_three,
          regret_index_shoals_crete, uniq_mlioglotl
Shoals:4: shoals_end_hangedman, layout_shoals, shoals_ilsuiw_alternative
Snake:1:  layout_onion_interference, serial_library_regret_index_multi,
          uniq_nikola, uniq_louise, uniq_kirke
Snake:2:  layout_rooms
Snake:3:  layout_grid_maze, basic_altar
Snake:4:  snake_pit_salamanders_mu, layout_cave_shapes, grunt_ministairs_1,
          nicolae_snake_snakewalk, uniq_vashnia, uniq_roxanne
Slime:1:  layout_caves, nicolae_slime_phagocytosis
Slime:2:  layout_caves, nicolae_slime_barrier
Slime:3:  layout_caves
Slime:4:  layout_caves
Slime:5:  slime_pit_nicolae_inversion
Orc:1:    layout_caves, serial_shops, nicolae_square_shop
Orc:2:    pf_orc_diabolical, layout_diamond_mine, gauntlet_entry_generic,
          basic_altar
Elf:1:    layout_loops_cross, minmay_elf_annihilation
Elf:2:    nicolae_elf_blades_splatter_lattice [infiniplex_blade_entry_pillars],
          layout_geoelf_diagonals, uniq_norris
Elf:3:    elf_hall_gauntlet_wide, layout_rooms, minmay_shop_star
Vaults:1: hangedman_vaults_impose, v_rooms_3,
          vaults_standard_mumra_enter_the_diamond, nicolae_vaults_tetromino_T_2,
          nicolae_vaults_little_squares_4, nicolae_vaults_tetromino_L_1,
          nicolae_vaults_double_plus_1, hangedman_vaults_capsules,
          layout_vaults_omnigrid, serial_shops, nicolae_shop_window_shopping,
          uniq_asterion
Vaults:2: nicolae_vaults_crenellated_ambush, serial_library_hellmonk_semicircle,
          nicolae_vaults_spaceships, nicolae_vaults_trapezoid_1,
          v_alt_pattern_6, grunt_vaults_twisty, nicolae_vaults_angled_halls,
          nicolae_vaults_trapezoid_lopsided_3, nicolae_vaults_closet_pinwheel_3,
          minmay_crypt_entry_simple_sparse, nicolae_vaults_three_branches,
          nicolae_vaults_stepped_doors, nicolae_vaults_trapezoid_layered,
          ontoclasm_vaults_gateway, vaults_dpeg_ring, layout_vaults_omnibox
Vaults:3: nicolae_vaults_diagonal_hallway_6, nicolae_vaults_shrinking_rooms_1,
          grunt_vaults_swirl, ontoclasm_vaults_bender, v_misc_31,
          vaults_mumra_lcd, vaults_dpeg_spiral, vaults_room_corners, v_misc_33,
          nicolae_vaults_six-pack, grunt_vaults_hallway_long,
          nicolae_vaults_murder_corner, nicolae_vaults_little_squares_5,
          layout_vaults_big_room
Vaults:4: dpeg_vaults_monster_box, hangedman_vaults_stitches,
          nicolae_vaults_apartment_2, ontoclasm_vaults_ring_small,
          nicolae_vaults_big_ls, vaults_room_stairs_pillars, grunt_vaults_focal,
          nicolae_vaults_trapezoid_lopsided_1, v_misc_8, vaults_room_pools,
          nicolae_vaults_ring_of_whatevers, nicolae_vaults_variable_pillar_hall,
          nicolae_vaults_specimen_jars, layout_vaults_big_cross, serial_shops,
          shop, serial_magic_research, hangedman_research_geology,
          hangedman_research_convocations, hangedman_research_pyrotechnics
Vaults:5: uniq_jory
Crypt:1:  layout_gridlike, lemuel_upstairs_altar
Crypt:2:  minmay_guarded_unrand_sceptre_of_torment, layout_gridlike,
          st_stairs_13, grunt_megastairs_3
Crypt:3:  grunt_crypt_end_deaths_head, uniq_frederick, uniq_sojobo
Depths:1: layout_big_octagon, serial_shops, nicolae_shop_pleasant_corner_grove,
          nicolae_shop_gaudy_bauble, nicolae_diamond_shop,
          nicolae_shop_window_shopping, nicolae_tso_carved_into_rock,
          abyss_entry, grunt_metal_band, kennysheep_underground_church,
          firewood_loft, uniq_saint_roka
Depths:2: kennysheep_water_balloons, layout_honeycomb, enter_ziggurat_f,
          rand_demon_pan_entry_7, hangedman_geh_valley,
          infiniplex_staircase_9_rooms
Depths:3: minmay_coctagon, layout_cave_pools, hell_entry, abyss_entry,
          nzn_wu_jian_council_hall
Depths:4: grunt_zot_entry_alcove, layout_basic, pf_coc_iceberg,
          rand_demon_pan_entry_9, uniq_grunn
Hell
Dis:1:    layout_jigsaw
Dis:2:    layout_overlapping_boxes
Dis:3:    layout_subdivisions, nicolae_dis_metal_dragon_surprise
Dis:5:    nicolae_dis_hell_of_blades
Dis:6:    kennysheep_iron_temple, layout_regular_city,
          nicolae_dis_distal_crystal
Dis:7:    iron_city_of_dis [dis_mu, dis_wall_7], layout_gridville
Geh:1:    layout_gehenna_pools_box
Geh:2:    layout_gehenna_pools_basic, nicolae_geh_fiery_graves
          [nicolae_geh_single_fiery_grave, nicolae_geh_single_fiery_grave,
          nicolae_geh_single_fiery_grave, nicolae_geh_single_fiery_grave,
          nicolae_geh_single_fiery_grave, nicolae_geh_single_fiery_grave,
          nicolae_geh_single_fiery_grave, nicolae_geh_single_fiery_grave,
          nicolae_geh_single_fiery_grave]
Geh:3:    layout_gehenna_lava_caves
Geh:4:    layout_gehenna_lava_caves
Geh:5:    layout_gehenna_lava_caves
Geh:6:    layout_gehenna_lava_caves
Geh:7:    geh_old
Coc:1:    layout_cocytus_delve
Coc:2:    layout_cocytus_water_paths
Coc:3:    layout_ice_bergs
Coc:4:    layout_cocytus_water_paths
Coc:5:    layout_ice_bergs
Coc:6:    layout_ice_bergs
Coc:7:    coc_grunt
Tar:1:    nicolae_tar_intersect_combbox, layout_cathedral_of_symmetry,
          nicolae_tar_just_some_guys
Tar:2:    layout_catacombs
Tar:3:    layout_cathedral_of_symmetry
Tar:4:    layout_grid_maze
Tar:5:    layout_grid_maze, nicolae_tar_cuneiform_heaven
Tar:6:    layout_honeycomb
Tar:7:    tar_grunt_cathedral
Zot:1:    layout_concentric_octagons, regret_index_zotdec_twisting_globes,
          uniq_vv
Zot:2:    ebering_klown_carousel, layout_gridlike,
          regret_index_zotdec_serpentine_scales,
          regret_index_zotdec_stipple_waver
Zot:3:    layout_twisted_circle
Zot:4:    layout_basic, regret_index_zotdec_split_disrupt
Zot:5:    layout_onion
Zig:22

Skill      XL: |  1  2  3  4  5  6  7  8  9 10 11 12 13 14 15 16 17 18 19 20 21 22 23 24 25 26 27 |
---------------+----------------------------------------------------------------------------------+-----
Earth Magic    | 4 5 6 7 8 10 11 12 13 15 16 18 19 20 21 22 23 24 27 | 27.0
Conjurations   | 2 3 4 5 7 8 9 11 22 | 22.9
Spellcasting   | 3 4 5 6 7 8 9 11 12 13 14 16 17 18 19 24 | 24.0
Fighting       | 1 2 3 5 6 8 9 10 12 14 16 17 18 19 20 21 27 | 27.0
Shields        | 1 2 3 4 5 10 12 15 23 | 23.0
Armour         | 2 5 7 8 10 13 15 23 | 23.3
Dodging        | 2 4 6 |  6.0
Ice Magic      | 5 8 10 12 13 14 15 16 17 18 20 21 22 23 27 | 27.0
Air Magic      | 4 |  4.9
Evocations     | 17 | 17.5
Summonings     | 18 | 18.7
Stealth        | |  2.1

Action                     |  1- 3 |  4- 6 |  7- 9 | 10-12 | 13-15 | 16-18 | 19-21 | 22-24 | 25-27 || total
---------------------------+-------+-------+-------+-------+-------+-------+-------+-------+-------++-------
  Melee: Staff             |     5 |     1 |     7 |     6 |    53 |       |     4 |    14 |   167 ||   257
         Unarmed           |     1 |       |       |       |       |       |       |       |       ||     1
   Cast: Sandblast         |    27 |    83 |    98 |   279 |   253 |     9 |    17 |     1 |       ||   767
         Stone Arrow       |       |       |     6 |   119 |    26 |    23 |    33 |    48 |    40 ||   295
         Freezing Cloud    |       |       |       |       |    19 |       |       |       |       ||    19
         Permafrost Erupti |       |       |       |       |   171 |   379 |   524 |   404 |  1748 ||  3226
         Blink             |       |       |       |       |       |     3 |     2 |     2 |    10 ||    17
         Shatter           |       |       |       |       |       |       |     8 |    39 |   232 ||   279
         Lehudib's Crystal |       |       |       |       |       |       |       |     5 |    19 ||    24
         Polar Vortex      |       |       |       |       |       |       |       |     2 |   107 ||   109
         Spellforged Servi |       |       |       |       |       |       |       |       |     3 ||     3
Ability: Evoke Blink       |       |       |       |       |       |       |       |       |     4 ||     4
  Evoke: Wand              |       |       |       |     5 |       |       |     6 |       |    13 ||    24
    Use: Scroll            |     1 |       |    11 |     5 |     1 |     1 |    16 |     4 |     8 ||    47
         Potion            |       |     1 |     1 |     1 |       |     1 |     6 |     4 |    18 ||    32
 Armour: Robe              |     5 |    37 |    65 |   219 |   256 |   101 |   110 |   276 |       ||  1069
         Skin              |       |       |       |       |       |       |     5 |       |       ||     5
         Chain mail        |       |       |       |       |       |       |       |     6 |   796 ||   802
  Dodge: Dodged            |     7 |    25 |    45 |   143 |   170 |    38 |    67 |   137 |   280 ||   912
  Block: Buckler           |       |     7 |    40 |   115 |   150 |    15 |    25 |       |       ||   352
         Reflection        |       |       |     5 |    12 |     1 |       |       |       |       ||    18
         Kite shield       |       |       |       |       |       |       |    12 |    56 |   648 ||   716

Table legend: (Time is in decaauts)
 A = Elapsed time spent in this place.
 B = Non-inter-level travel time spent in this place.
 C = Inter-level travel time spent in this place.
 D = Time resting spent in this place.
 E = Time spent auto-exploring this place.
 F = Levels seen in this place.
 G = Mean time per level.
                   A        B        C        D        E       F      G
               +--------+--------+--------+--------+--------+-----+--------+
         Total |  88493 |  82139 |   6354 |   2234 |  67450 | 108 |  819.4 |
       Dungeon |  15647 |  13850 |   1797 |     74 |  11935 |  15 | 1043.1 |
          Lair |  10500 |   9396 |   1104 |    382 |   7525 |   5 | 2100.0 |
        Shoals |   7130 |   6836 |    294 |    792 |   5387 |   4 | 1782.5 |
     Snake Pit |   5656 |   5488 |    168 |    130 |   4802 |   4 | 1414.0 |
    Slime Pits |   2790 |   2534 |    256 |    160 |   2051 |   5 |  558.0 |
  Orcish Mines |   1889 |   1759 |    130 |      0 |   1538 |   2 |  944.5 |
   Elven Halls |   3845 |   3669 |    176 |      0 |   3077 |   3 | 1281.7 |
        Vaults |   9186 |   8551 |    635 |    500 |   7032 |   5 | 1837.2 |
         Crypt |   5804 |   5671 |    133 |    145 |   4850 |   3 | 1934.7 |
        Depths |   4115 |   3608 |    507 |     51 |   2994 |   4 | 1028.8 |
          Hell |    754 |    591 |    163 |      0 |    451 |   1 |  754.0 |
           Dis |   3205 |   3124 |     81 |      0 |   2561 |   6 |  534.2 |
       Gehenna |   2761 |   2565 |    196 |      0 |   2104 |   7 |  394.4 |
       Cocytus |   3396 |   3218 |    178 |      0 |   2641 |   7 |  485.1 |
      Tartarus |   4014 |   3832 |    182 |      0 |   3054 |   7 |  573.4 |
           Zot |   4945 |   4595 |    350 |      0 |   4014 |   5 |  989.0 |
      Ziggurat |   1803 |   1803 |      0 |      0 |    763 |  22 |   82.0 |
         Trove |    131 |    131 |      0 |      0 |     17 |   1 |  131.0 |
         Sewer |    274 |    274 |      0 |      0 |    229 |   1 |  274.0 |
      Gauntlet |    641 |    641 |      0 |      0 |    424 |   1 |  641.0 |
               +--------+--------+--------+--------+--------+-----+--------+

Top non-repeatable levels by time:
  Lair:3: 3245 daAuts
  Lair:5: 2738 daAuts
 Snake:4: 2615 daAuts
Shoals:3: 2327 daAuts
Vaults:4: 2165 daAuts
 Crypt:2: 2112 daAuts
Vaults:2: 2081 daAuts
Vaults:1: 2013 daAuts
 Crypt:3: 1986 daAuts
   Dis:7: 1859 daAuts
Shoals:4: 1856 daAuts
  Lair:1: 1799 daAuts
   Tar:7: 1798 daAuts
  Lair:2: 1722 daAuts
 Crypt:1: 1705 daAuts
